SL
LEXINGTON LEMMINGS @ NEW AMSTERDAM REPUBLICS
08/07/2020
 
TOP OF THE 1ST
Lexington Lemmings batting - Pitching for New Amsterdam Republics : LHP Jeff Hale
Pitching: LHP Jeff Hale
Batting: RHB Juan Cabrera 0-0: Ball
1-0: SINGLE (Flyball, 8LS)
Batting: RHB Júlio Morín 0-0: Grounds into double play, 4-6-3 (Groundball, 4)
Batting: RHB Júlio Gruzmán 0-0: Ball
1-0: Ball
2-0: Swinging Strike
2-1: Ball
3-1: Base on Balls
Batting: LHB Félix Pérez 0-0: Ball
1-0: Ground out U3 (Groundball, 3S)
Top of the 1st over - 0 run(s), 1 hit(s), 0 error(s), 1 left on base; Lexington 0 - New Amsterdam 0
BOTTOM OF THE 1ST
New Amsterdam Republics batting - Pitching for Lexington Lemmings : RHP Juan Chávez
Pitching: RHP Juan Chávez
Batting: RHB Carlos Ortega 0-0: Called Strike
0-1: Ball
1-1: SINGLE (Line Drive, 56D)
Batting: RHB Hank Wilder 0-0: Ball
1-0: Fly out, F8 (Flyball, 8LD)
Batting: RHB Júlio Maldonado 0-0: Foul Ball, location: 2F
0-1: Ball
Wild Pitch!
Carlos Ortega to second
1-1: Fly out, F8 (Line Drive, 8LM)
Batting: LHB Steve Ingram 0-0: Ball
1-0: Swinging Strike
1-1: SINGLE (Groundball, 34)
Carlos Ortega to third
Runner from 3rd tries for Home, SAFE, no throw or cutoff
Batting: RHB Takeru Sanu 0-0: Ball
1-0: Called Strike
1-1: Fly out, F2 (Popup, 2RF)
Bottom of the 1st over - 1 run(s), 2 hit(s), 0 error(s), 1 left on base; Lexington 0 - New Amsterdam 1
TOP OF THE 2ND
Lexington Lemmings batting - Pitching for New Amsterdam Republics : LHP Jeff Hale
Batting: LHB Brad Elmore 0-0: Ball
1-0: Foul Ball, location: 2F
1-1: Ground out 1-3 (Groundball, 13S)
Batting: LHB Jeff Walsh 0-0: Ball
1-0: Called Strike
1-1: Ball
2-1: Hit by Pitch
Batting: RHB Cory Staton 0-0: Ball
1-0: Ball
2-0: Fly out, F7 (Flyball, 7M)
Batting: SHB José Carlos Nieves 0-0: Called Strike
0-1: Foul Ball, location: 2F
0-2: Ball
1-2: Foul Ball, location: 2F
1-2: SINGLE (Groundball, 5L)
Jeff Walsh to second
Batting: LHB Juan Chávez 0-0: Ball
1-0: Swinging Strike
1-1: Swinging Strike
1-2: Strikes out swinging
Top of the 2nd over - 0 run(s), 1 hit(s), 0 error(s), 2 left on base; Lexington 0 - New Amsterdam 1
BOTTOM OF THE 2ND
New Amsterdam Republics batting - Pitching for Lexington Lemmings : RHP Juan Chávez
Batting: LHB Ken Norman 0-0: Ball
1-0: Foul Ball, location: 2F
1-1: Ground out 4-3 (Groundball, 4)
Batting: RHB Tim Robinson 0-0: Foul Ball, location: 2F
0-1: Swinging Strike
0-2: Ball
1-2: Foul Ball, location: 2F
1-2: Ball
2-2: Strikes out swinging
Batting: RHB Noel Livingston 0-0: Foul Ball, location: 2F
0-1: Foul Ball, location: 2F
0-2: Foul Ball, location: 2F
0-2: Foul Ball, location: 2F
0-2: Ball
1-2: Foul Ball, location: 2F
1-2: Ball
2-2: Strikes out swinging
Bottom of the 2nd over - 0 run(s), 0 hit(s), 0 error(s), 0 left on base; Lexington 0 - New Amsterdam 1
TOP OF THE 3RD
Lexington Lemmings batting - Pitching for New Amsterdam Republics : LHP Jeff Hale
Batting: RHB Juan Cabrera 0-0: Ball
1-0: SINGLE (Groundball, 25) (infield hit)
Batting: RHB Júlio Morín 0-0: Ball
1-0: Ball
2-0: Called Strike
2-1: Foul Ball, location: 2F
2-2: SINGLE (Flyball, 8LS)
Juan Cabrera to second
Runner from 2nd tries for 3rd, SAFE, throw made to third
Batting: RHB Júlio Gruzmán 0-0: Foul Ball, location: 2F
0-1: Ball
1-1: Foul Ball, location: 2F
1-2: Foul Ball, location: 2F
1-2: SINGLE (Line Drive, 78S)
Juan Cabrera scores
Júlio Morín to second
Batting: LHB Félix Pérez 0-0: Foul Ball, location: 2F
0-1: Called Strike
0-2: Foul Ball, location: 2F
0-2: Ball
1-2: Strikes out swinging
Batting: LHB Brad Elmore 0-0: Ball
1-0: Fly out, F7 (Line Drive, 7S)
Batting: LHB Jeff Walsh 0-0: Called Strike
0-1: Ground out 4-3 (Groundball, 4)
Top of the 3rd over - 1 run(s), 3 hit(s), 0 error(s), 2 left on base; Lexington 1 - New Amsterdam 1
BOTTOM OF THE 3RD
New Amsterdam Republics batting - Pitching for Lexington Lemmings : RHP Juan Chávez
Batting: RHB Jeff Hale 0-0: Ball
1-0: Ball
2-0: Called Strike
2-1: Ground out 6-3 (Groundball, 6)
Batting: RHB Carlos Ortega 0-0: Ball
1-0: Ball
2-0: Foul Ball, location: 2F
2-1: Called Strike
2-2: Foul Ball, location: 2F
2-2: DOUBLE (Line Drive, 3L)
Batting: RHB Hank Wilder 0-0: Ball
1-0: Foul Ball, location: 2F
1-1: Foul Ball, location: 2F
1-2: Ball
2-2: Ball
3-2: Fly out, F9 (Flyball, 89M)
Batting: RHB Júlio Maldonado 0-0: Ball
1-0: Ball
2-0: Ball
3-0: Called Strike
3-1: Base on Balls
Batting: LHB Steve Ingram 0-0: Called Strike
0-1: Ball
1-1: Ball
2-1: Called Strike
2-2: DOUBLE (Line Drive, 9LM)
Carlos Ortega scores
Júlio Maldonado to third
Batting: RHB Takeru Sanu 0-0: Ball
1-0: Ball
2-0: SINGLE (Groundball, 56D)
Júlio Maldonado scores
Steve Ingram to third
Runner from 3rd tries for Home, SAFE, no throw or cutoff
Batting: LHB Ken Norman 0-0: Swinging Strike
0-1: Ball
1-1: Ball
2-1: Called Strike
2-2: Strikes out swinging
Bottom of the 3rd over - 3 run(s), 3 hit(s), 0 error(s), 1 left on base; Lexington 1 - New Amsterdam 4
TOP OF THE 4TH
Lexington Lemmings batting - Pitching for New Amsterdam Republics : LHP Jeff Hale
Batting: RHB Cory Staton 0-0: Ball
1-0: Foul Ball, location: 2F
1-1: Ball
2-1: Ball
3-1: Base on Balls
Batting: SHB José Carlos Nieves 0-0: Foul Ball, location: 2F
0-1: Swinging Strike
0-2: Foul Ball, location: 2F
0-2: Fly out, F4 (Popup, 4M)
Batting: LHB Juan Chávez 0-0: Bunted foul
0-1: Sac Bunt - play at first, batter OUT! 2-4
Cory Staton to second
Batting: RHB Juan Cabrera 0-0: Ball
1-0: Fly out, F8 (Flyball, 89XD)
Top of the 4th over - 0 run(s), 0 hit(s), 0 error(s), 1 left on base; Lexington 1 - New Amsterdam 4
BOTTOM OF THE 4TH
New Amsterdam Republics batting - Pitching for Lexington Lemmings : RHP Juan Chávez
Batting: RHB Tim Robinson 0-0: Ball
1-0: Foul Ball, location: 2F
1-1: Foul Ball, location: 2F
1-2: Ground out 4-3 (Groundball, 4)
Batting: RHB Noel Livingston 0-0: Ball
1-0: Ground out 5-3 (Groundball, 5L)
Batting: RHB Jeff Hale 0-0: Ball
1-0: Ground out 6-3 (Groundball, 6)
Bottom of the 4th over - 0 run(s), 0 hit(s), 0 error(s), 0 left on base; Lexington 1 - New Amsterdam 4
TOP OF THE 5TH
Lexington Lemmings batting - Pitching for New Amsterdam Republics : LHP Jeff Hale
Batting: RHB Júlio Morín 0-0: Ball
1-0: Ball
2-0: Ball
3-0: Called Strike
3-1: SINGLE (Groundball, 56D)
Batting: RHB Júlio Gruzmán 0-0: Called Strike
0-1: Foul Ball, location: 2F
0-2: Ball
1-2: Foul Ball, location: 2F
1-2: Foul Ball, location: 2F
1-2: Ball
2-2: Ball
3-2: 2-RUN HOME RUN (Flyball, 7D), Distance : 405 ft
Batting: LHB Félix Pérez 0-0: Ball
1-0: Ball
2-0: Ball
3-0: Ground out U3 (Groundball, 3S)
Batting: LHB Brad Elmore 0-0: Foul Ball, location: 2F
0-1: Ball
1-1: Ball
2-1: Ball
3-1: Swinging Strike
3-2: Ground out 6-3 (Groundball, 6)
Batting: LHB Jeff Walsh 0-0: Called Strike
0-1: Foul Ball, location: 2F
0-2: Foul Ball, location: 2F
0-2: Strikes out swinging
Top of the 5th over - 2 run(s), 2 hit(s), 0 error(s), 0 left on base; Lexington 3 - New Amsterdam 4
BOTTOM OF THE 5TH
New Amsterdam Republics batting - Pitching for Lexington Lemmings : RHP Juan Chávez
Batting: RHB Carlos Ortega 0-0: Ball
1-0: Called Strike
1-1: Ball
2-1: Fly out, F6 (Popup, 6)
Batting: RHB Hank Wilder 0-0: Called Strike
0-1: Called Strike
0-2: Foul Ball, location: 2F
0-2: Ball
1-2: SINGLE (Groundball, 6)
Batting: RHB Júlio Maldonado 0-0: Foul Ball, location: 2F
0-1: Swinging Strike
0-2: Ball
1-2: Ball
2-2: Foul Ball, location: 2F
2-2: SINGLE (Groundball, 13) (infield hit)
Hank Wilder to second
Batting: LHB Steve Ingram 0-0: Called Strike
0-1: Swinging Strike
0-2: Ball
1-2: Foul Ball, location: 2F
1-2: Ball
2-2: Fielders Choice at 2nd, 3-6 (Groundball, 34)
Hank Wilder to third
Batting: RHB Takeru Sanu 0-0: Ball
1-0: Foul Ball, location: 2F
1-1: Foul Ball, location: 2F
1-2: Ground out 4-3 (Groundball, 4)
Bottom of the 5th over - 0 run(s), 2 hit(s), 0 error(s), 2 left on base; Lexington 3 - New Amsterdam 4
TOP OF THE 6TH
Lexington Lemmings batting - Pitching for New Amsterdam Republics : LHP Jeff Hale
Batting: RHB Cory Staton 0-0: Ball
1-0: DOUBLE (Line Drive, 89M)
Batting: SHB José Carlos Nieves 0-0: Called Strike
0-1: Ball
Wild Pitch!
Cory Staton to third
1-1: Called Strike
1-2: Strikes out swinging
Batting: LHB Juan Chávez 0-0: Called Strike
0-1: Ground out 6-3 (Groundball, 6)
Batting: RHB Juan Cabrera 0-0: SINGLE (Flyball, 89S)
Cory Staton scores
Batting: RHB Júlio Morín 0-0: Called Strike
0-1: Swinging Strike
0-2: Strikes out swinging
Top of the 6th over - 1 run(s), 2 hit(s), 0 error(s), 1 left on base; Lexington 4 - New Amsterdam 4
BOTTOM OF THE 6TH
New Amsterdam Republics batting - Pitching for Lexington Lemmings : RHP Juan Chávez
Batting: LHB Ken Norman 0-0: Ground out 6-3 (Groundball, 6)
Batting: RHB Tim Robinson 0-0: Called Strike
0-1: Ball
1-1: Foul Ball, location: 2F
1-2: Ball
2-2: Foul Ball, location: 2F
2-2: Ball
3-2: Foul Ball, location: 2F
3-2: Strikes out swinging
Batting: RHB Noel Livingston 0-0: Called Strike
0-1: Fly out, F8 (Flyball, 8RM)
Bottom of the 6th over - 0 run(s), 0 hit(s), 0 error(s), 0 left on base; Lexington 4 - New Amsterdam 4
TOP OF THE 7TH
Lexington Lemmings batting - Pitching for New Amsterdam Republics : LHP Jeff Hale
Batting: RHB Júlio Gruzmán 0-0: Ground out 5-3 (Groundball, 5L)
Pinch Hitting: RHB Mo Zhou 0-0: Ball
1-0: Foul Ball, location: 2F
1-1: Ball
2-1: Fly out, F3 (Popup, 3D)
Batting: LHB Brad Elmore 0-0: SINGLE (Line Drive, 8LS)
Pinch Hitting: RHB Yoshiyuki Sasaki 0-0: Ball
1-0: Swinging Strike
1-1: Ball
2-1: Foul Ball, location: 2F
2-2: Strikes out swinging
Top of the 7th over - 0 run(s), 1 hit(s), 0 error(s), 1 left on base; Lexington 4 - New Amsterdam 4
BOTTOM OF THE 7TH
New Amsterdam Republics batting - Pitching for Lexington Lemmings : RHP Juan Chávez
Now at 1B: Mo Zhou
Now in RF: Yoshiyuki Sasaki
Batting: RHB Jeff Hale 0-0: Ball
1-0: Ball
2-0: SINGLE (Line Drive, 56D)
Batting: RHB Carlos Ortega 0-0: Ball
1-0: Foul Ball, location: 2F
1-1: Called Strike
1-2: Strikes out swinging
Batting: RHB Hank Wilder 0-0: Grounds into double play, 6-4-3 (Groundball, 6)
Bottom of the 7th over - 0 run(s), 1 hit(s), 0 error(s), 0 left on base; Lexington 4 - New Amsterdam 4
TOP OF THE 8TH
Lexington Lemmings batting - Pitching for New Amsterdam Republics : LHP Jeff Hale
Batting: RHB Cory Staton 0-0: Ball
1-0: Ground out 5-3 (Groundball, 5S)
Batting: SHB José Carlos Nieves 0-0: Ground out 6-3 (Groundball, 6)
Pinch Hitting: RHB Mark Allen 0-0: Swinging Strike
0-1: Ball
1-1: Called Strike
1-2: Strikes out swinging
Top of the 8th over - 0 run(s), 0 hit(s), 0 error(s), 0 left on base; Lexington 4 - New Amsterdam 4
BOTTOM OF THE 8TH
New Amsterdam Republics batting - Pitching for Lexington Lemmings : RHP Juan Chávez
Pitching: RHP Javier López
Batting: RHB Júlio Maldonado 0-0: Ball
1-0: Ball
2-0: Ball
3-0: Base on Balls
Batting: LHB Steve Ingram 0-0: Ball
1-0: Ball
2-0: Foul Ball, location: 2F
2-1: Swinging Strike
2-2: DOUBLE (Flyball, 89XD)
Júlio Maldonado to third
Batting: RHB Takeru Sanu 0-0: Ball
1-0: Foul Ball, location: 2F
1-1: Ball
2-1: Foul Ball, location: 2F
2-2: Strikes out looking
Batting: LHB Ken Norman 0-0: Intentional Walk
Batting: RHB Tim Robinson 0-0: Ball
1-0: SINGLE (Line Drive, 34D)
Júlio Maldonado scores
Steve Ingram to third
Ken Norman to second
Runner from 3rd tries for Home, SAFE, throw made home
Ken Norman to third
Tim Robinson to second
Batting: RHB Noel Livingston 0-0: Called Strike
0-1: Fly out, F9 (Flyball, 9S)
Pinch Hitting: SHB Todd Hill 0-0: Called Strike
0-1: Called Strike
0-2: DOUBLE (Line Drive, 89D)
Ken Norman scores
Tim Robinson scores
Pitching: RHP Ben Quinn
Batting: RHB Carlos Ortega 0-0: Ball
1-0: Swinging Strike
1-1: Called Strike
1-2: Ball
2-2: Strikes out swinging
Bottom of the 8th over - 4 run(s), 3 hit(s), 0 error(s), 1 left on base; Lexington 4 - New Amsterdam 8
TOP OF THE 9TH
Lexington Lemmings batting - Pitching for New Amsterdam Republics : LHP Jeff Hale
Pitching: RHP Gavin Blackburn
Batting: RHB Juan Cabrera 0-0: Fly out, F7 (Flyball, 7M)
Batting: RHB Júlio Morín 0-0: Ball
1-0: Swinging Strike
1-1: Swinging Strike
1-2: Strikes out swinging
Batting: RHB Júlio Gruzmán 0-0: Ball
1-0: Ball
2-0: Ground out 6-3 (Groundball, 56)
Top of the 9th over - 0 run(s), 0 hit(s), 0 error(s), 0 left on base; Lexington 4 - New Amsterdam 8
This league is powered by Out of the Park Baseball, the baseball management simulation game for PC, Mac and Linux
Friday, October 23rd, 2015 - OOTP Baseball 16.9 Build 39